 Dungeon Crawl Stone Soup version 0.18.1-47-g9310371 (webtiles) character file.

11105 Necrotakul the Destroyer (level 11, -2/64 HPs)
             Began as a Gargoyle Fire Elementalist on June 22, 2016.
             Was a High Priest of Vehumet.
             Slain by a komodo dragon (9 damage)
             ... on level 9 of the Dungeon on June 23, 2016.
             The game lasted 01:14:51 (14264 turns).

Necrotakul the Destroyer (GrFE)                    Turns: 14264, Time: 01:14:53

Health: -2/64      AC: 11    Str: 13    XL:     11   Next: 72%
Magic:  14/25      EV: 13    Int: 18    God:    Vehumet [*****.]
Gold:   570        SH:  4    Dex: 10    Spells: 4 memorised, 18 levels left

rFire  + . .     SeeInvis +     S - +2 spear (venom)
rCold  . . .     Gourm    .     a - +0 robe
rNeg   + . .     Faith    .     m - +0 buckler
rPois  ∞         Spirit   .     (no helmet)
rElec  +         Dismiss  .     R - +0 cloak {MR+}
rCorr  .         Reflect  .     q - +0 pair of gloves
SustAt .         Harm     .     (no boots)
MR     +....                    (no amulet)
Stlth  ++........               J - ring of see invisible
                                i - ring of protection from fire

@: somewhat resistant to hostile enchantments, unstealthy
A: negative energy resistance 1, electricity resistance, unbreathing,
petrification resistance, rot immunity, AC +7
a: Renounce Religion


You were on level 9 of the Dungeon.
You worshipped Vehumet.
Vehumet was extremely pleased with you.
You were not hungry.

You visited 3 branches of the dungeon, and saw 12 of its levels.
You also visited: Sewer.

You collected 735 gold pieces.
You spent 165 gold pieces at shops.

Inventory:

Hand Weapons
 S - a +2 spear of venom (weapon)
Missiles
 N - 23 throwing nets (quivered)
Armour
 a - a +0 robe (worn)
 e - a quicksilver dragon hide
 m - a +0 buckler (worn)
 q - a +0 pair of gloves (worn)
 R - a +0 cloak of magic resistance (worn)
Jewellery
 i - a ring of protection from fire (left hand)
 B - an uncursed ring of sustain attributes
 J - a ring of see invisible (right hand)
Wands
 g - a wand of confusion (27/48)
 l - a wand of polymorph (14/24)
 s - a wand of lightning (0/15)
 G - a wand of lightning (8/15)
 L - a wand of acid (2/15)
 M - a wand of acid (2/15)
 Q - a wand of polymorph (12/24)
Scrolls
 h - 3 scrolls of recharging
 k - 2 scrolls of blinking {unknown}
 n - 4 scrolls of magic mapping
 v - 2 scrolls of brand weapon {unknown}
 w - a scroll of enchant armour {unknown}
 y - 4 scrolls of teleportation
 z - 6 scrolls of amnesia
 D - 2 scrolls of random uselessness {unknown}
 E - a scroll of enchant weapon {unknown}
 H - a scroll of fear {unknown}
 K - 2 scrolls of immolation {unknown}
Potions
 d - 5 potions of flight
 f - 2 potions of agility {unknown}
 p - a potion of cure mutation {unknown}
 r - 7 potions of curing
 u - 2 potions of heal wounds {unknown}
 x - a potion of magic {unknown}
 A - 4 potions of mutation {unknown}
 C - 3 potions of berserk rage
 O - a potion of haste {unknown}
 T - a potion of ambrosia {unknown}
Comestibles
 b - 4 chunks of flesh
 c - 10 bread rations
 j - 7 meat rations
 o - 12 fruits
 t - a royal jelly
 I - 3 beef jerkies
 P - 8 slices of pizza


   Skills:
 - Level 5.3 Fighting
 - Level 4.0 Dodging
 - Level 2.1 Stealth
 - Level 4.6 Shields
 - Level 10.0 Spellcasting
 + Level 10.4 Conjurations
 - Level 8.6 Fire Magic


You had 18 spell levels left.
You knew the following spells:

 Your Spells              Type           Power        Failure   Level  Hunger
a - Flame Tongue          Conj/Fire      #####        1%          1    None
b - Conjure Flame         Conj/Fire      #####...     1%          3    None
c - Dazzling Spray        Conj/Hex       ####..       1%          3    None
d - Fireball              Conj/Fire      #####.....   1%          5    #####..


Dungeon Overview and Level Annotations

Branches:
Dungeon (10/15)            Temple (1/1) D:6            Lair (1/8) D:9
    Orc (0/2) D:9

Altars:
Ashenzari
Cheibriados
Dithmenos
Elyvilon
Fedhas
Gozag
Kikubaaqudgha
Makhleb
Nemelex Xobeh
Okawaru
Pakellas
Qazlal
Ru
Sif Muna
Trog
Vehumet
Xom
Yredelemnul
Zin
The Shining One

Shops:
D:7 (   D:8 (   D:10 }

Annotations:
D:3 Woazn's ghost, amateur OgBe
D:10 4 runed doors


Innate Abilities, Weirdness & Mutations

You are resistant to torment.
Your stone body is resilient (AC +7).
You are immune to poison.
You resist negative energy.
You are resistant to electric shocks.
You can survive without breathing.
You are immune to petrification.
You are immune to rotting.


Message History

The spray of energy hits the komodo dragon.
The komodo dragon is severely wounded.
The spray of energy hits the fungus.
The fungus is lightly damaged.
The spray of energy hits the fungus.
The fungus is lightly damaged.
You block the komodo dragon's attack.
Casting: Dazzling Spray
Confirm with . or Enter, or press ? or * to list all spells.
Aiming: Dazzling Spray
Press: ? - help, Shift-Dir - straight line, f/p - komodo dragon
Aim: a komodo dragon (severely wounded)
The spray of energy hits the komodo dragon.
The komodo dragon is severely wounded.
The spray of energy hits the fungus.
The fungus is moderately damaged.
The spray of energy hits the fungus.
The fungus is moderately damaged.
The komodo dragon bites you!
You die...

...........#.....#.'.......#...#.
...........#..#..#.#.......'.#.#.
..###......#..#....#.......#.#.##
.............#######...###'#.....
#'#####.....#..))[..#..........##
...#..#.#.....#[..#[[[.......#.#
...#..#......##PP.##....##.....#
#####'#....#...PPPP..#..(...####
#......#..#...P@l...#......#
#..##.....#..PPPP...#......#
##.....###...##.PP##........#
....#### #....#...#.........#
....# #..#.......#...###.####
<...# #...#######....###....#
.##.# ##..# #.#.......#.#
....#### ##.#### #...#'###...#
.......# #.)..#####'##...#...#


You could see a komodo dragon.

Vanquished Creatures
  A hill giant (D:10)
  Maurice (D:10)
  Psyche (D:10)
  A kobold demonologist (Sewer)
  The ghost of lepiPlod666 the Grave Robber, a novice VSNe (D:5)
  A two-headed ogre (D:9)
  Grinder (Sewer)
  Sigmund (D:6)
  4 yaks (D:9)
  A human (D:8)
  2 hippogriffs
  2 hungry ghosts
  A water moccasin (D:7)
  A swamp drake (D:9)
  4 orc warriors
  3 sky beasts
  4 phantoms
  3 black bears
  3 ice beasts
  7 ogres
  An eye of draining (D:9)
  2 necrophages
  A wolf (D:10)
  7 centaurs
  2 crocodiles
  2 big kobolds
  8 giant frogs
  5 gnoll sergeants (D:10)
  A wyvern skeleton (D:10)
  A scorpion (D:4)
  9 killer bees (D:10)
  4 wights (D:6)
  4 howler monkeys
  3 jellies
  3 crimson imps
  A quasit (Sewer)
  2 centaur skeletons
  A giant frog zombie (D:7)
  7 hounds
  14 orc wizards
  5 orc priests
  3 gnoll shamans (D:10)
  3 giant frog skeletons
  6 iguanas
  8 worker ants
  A killer bee zombie (D:7)
  4 sheep (D:8)
  3 big kobold zombies (Sewer)
  A hound zombie (D:7)
  A hound skeleton (D:4)
  A howler monkey zombie (D:5)
  41 gnolls
  A howler monkey skeleton (D:10)
  23 adders
  5 shadow imps
  3 ufetubi (Sewer)
  An ooze (D:6)
  2 adder skeletons
  7 worms
  5 dart slugs
  7 giant geckos
  47 orcs
  A bat zombie (Sewer)
  2 giant cockroaches (D:1)
  3 goblins
  8 hobgoblins
  23 jackals
  27 kobolds
  3 quokkas
  3 ball pythons
  13 bats
  A giant cockroach zombie (D:5)
  15 giant newts
  A jackal skeleton (D:5)
  2 kobold zombies (Sewer)
  11 rats
  A fungus (D:9)
413 creatures vanquished.

Vanquished Creatures (others)
  2 big kobold zombies (Sewer)
  An ooze (Sewer)
  A kobold zombie (Sewer)
  A plant (D:8)
5 creatures vanquished.

Grand Total: 418 creatures vanquished

Notes
Turn   | Place    | Note
--------------------------------------------------------------
     0 | D:1      | Necrotakul the Gargoyle Fire Elementalist began the quest for the Orb.
     0 | D:1      | Reached XP level 1. HP: 10/10 MP: 3/3
   167 | D:1      | Reached XP level 2. HP: 15/15 MP: 0/5
   421 | D:1      | Reached XP level 3. HP: 19/19 MP: 1/6
   968 | D:1      | Learned a level 3 spell: Conjure Flame
  1332 | D:2      | Reached XP level 4. HP: 24/24 MP: 1/7
  1968 | D:3      | Reached skill level 5 in Conjurations
  1968 | D:3      | Reached XP level 5. HP: 14/28 MP: 1/8
  2101 | D:3      | Found a stormy altar of Qazlal.
  2176 | D:3      | Noticed Woazn's ghost (amateur OgBe)
  2424 | D:3      | Found a glowing drain.
  2526 | Sewer    | Entered a sewer
  2621 | Sewer    | Reached XP level 6. HP: 30/32 MP: 4/10
  2972 | Sewer    | Found a burning altar of Makhleb.
  3025 | Sewer    | Noticed Grinder
  3030 | Sewer    | Paralysed by Grinder for 5 turns
  3036 | Sewer    | Noticed an apprentice kobold demonologist
  3040 | Sewer    | Killed Grinder
  3040 | Sewer    | Reached XP level 7. HP: 17/36 MP: 7/14
  3042 | Sewer    | Killed an apprentice kobold demonologist
  3711 | D:3      | Reached XP level 8. HP: 33/41 MP: 13/17
  4389 | D:4      | Found a burning altar of Makhleb.
  4592 | D:4      | Reached skill level 5 in Fire Magic
  4609 | D:4      | Found a radiant altar of Vehumet.
  4615 | D:4      | Became a worshipper of Vehumet
  4934 | D:4      | Found a sacrificial altar of Ru.
  4934 | D:4      | Found an ancient bone altar of Kikubaaqudgha.
  4935 | D:4      | Found a white marble altar of Elyvilon.
  5183 | D:5      | Entered Level 5 of the Dungeon
  5315 | D:5      | Noticed lepiPlod666's ghost (novice VSNe)
  5406 | D:5      | Reached * piety under Vehumet
  5406 | D:5      | Offered knowledge of Magic Dart by Vehumet.
  5406 | D:5      | Reached skill level 1 in Shields
  5724 | D:5      | Killed lepiPlod666's ghost
  5928 | D:5      | Reached skill level 1 in Fighting
  5928 | D:5      | Reached XP level 9. HP: 47/47 MP: 14/18
  6473 | D:5      | Found a glowing silver altar of Zin.
  6474 | D:5      | Found an opulent altar of Gozag.
  6995 | D:6      | Noticed Sigmund
  7011 | D:6      | Killed Sigmund
  7310 | D:6      | Found a staircase to the Ecumenical Temple.
  7321 | Temple   | Entered the Ecumenical Temple
  7692 | D:7      | Found Faylu's Weapon Shop.
  7698 | D:7      | Bought a +1 rapier of venom for 165 gold pieces
  7851 | D:7      | Reached skill level 10 in Conjurations
  7968 | D:7      | Reached XP level 10. HP: 37/56 MP: 10/20
  8095 | D:7      | Noticed a moth of wrath
  8098 | D:7      | Found a bloodstained altar of Trog.
  8136 | D:7      | Reached ** piety under Vehumet
  8205 | D:7      | Offered knowledge of Freeze by Vehumet.
  8484 | D:7      | Found a glowing golden altar of the Shining One.
  8500 | D:7      | Found an iron altar of Okawaru.
  9322 | D:8      | Offered knowledge of Dazzling Spray by Vehumet.
  9422 | D:8      | Learned a level 3 spell: Dazzling Spray
  9675 | D:8      | Reached *** piety under Vehumet
  9813 | D:8      | Found a shattered altar of Ashenzari.
  9813 | D:8      | Found a basalt altar of Yredelemnul.
  9865 | D:8      | Learned a level 5 spell: Fireball
 10013 | D:8      | Found Fitil's Weapon Shoppe.
 10459 | D:9      | Offered knowledge of Airstrike by Vehumet.
 10506 | D:9      | Reached skill level 10 in Spellcasting
 10635 | D:9      | Found a staircase to the Lair.
 11091 | D:9      | Found an oddly glowing altar of Pakellas.
 11112 | D:9      | Reached skill level 5 in Fighting
 11331 | D:9      | Reached XP level 11. HP: 64/64 MP: 22/25
 11384 | D:9      | HP: 1/64 [yak (8)]
 12092 | D:9      | Reached **** piety under Vehumet
 12212 | D:9      | Found a staircase to the Orcish Mines.
 12226 | D:9      | Offered knowledge of Bolt of Magma by Vehumet.
 12305 | D:10     | Entered Level 10 of the Dungeon
 12316 | D:10     | Noticed a hill giant
 12329 | D:10     | Killed a hill giant
 12330 | D:10     | Noticed Maurice
 12343 | D:10     | Killed Maurice
 12513 | D:10     | Noticed Psyche
 12523 | D:10     | Killed Psyche
 12596 | D:10     | Found a huge runed gate.
 12597 | D:10     | Found a huge runed gate.
 12598 | D:10     | Found a huge runed gate.
 12598 | D:10     | Noticed a griffon
 12599 | D:10     | Noticed a death yak
 12599 | D:10     | Noticed a griffon
 12599 | D:10     | Found a huge runed gate.
 12600 | D:10     | Noticed a griffon
 12754 | D:10     | Found Geskeusen's Gadget Emporium.
 13515 | D:10     | Reached ***** piety under Vehumet
 13530 | D:10     | Offered knowledge of Poison Arrow by Vehumet.
 14234 | Lair:1   | Entered Level 1 of the Lair of Beasts
 14264 | D:9      | Slain by a komodo dragon

Skill      XL: |  1  2  3  4  5  6  7  8  9 10 11 |
---------------+----------------------------------+-----
Conjurations   | 2 3 4 5 6 10 | 10.4
Spellcasting   | 4 6 10 | 10.0
Fire Magic     | 5 8 |  8.6
Shields        | 4 |  4.6
Fighting       | 1 3 5 |  5.3
Dodging        | 4 |  4.0
Stealth        | |  2.1

Action                   |  1- 3 |  4- 6 |  7- 9 | 10-12 || total
-------------------------+-------+-------+-------+-------++-------
Melee: Dagger            |    38 |   212 |   181 |       ||   431
       Long sword        |       |       |    29 |    16 ||    45
       Rapier            |       |       |       |    67 ||    67
       Spear             |       |       |       |     9 ||     9
 Cast: Flame Tongue      |    46 |    80 |   306 |   639 ||  1071
       Conjure Flame     |       |     1 |     2 |     5 ||     8
       Dazzling Spray    |       |       |       |    40 ||    40
       Fireball          |       |       |       |    13 ||    13
Evoke: Wand              |       |     5 |     3 |     3 ||    11
  Use: Scroll            |       |     1 |     9 |     5 ||    15
       Potion            |       |       |       |     3 ||     3
 Stab: Sleeping          |       |     6 |     1 |     1 ||     8
  Eat: Chunk             |     2 |     6 |    10 |    23 ||    41
       Bread ration      |       |       |     1 |       ||     1
       Pizza             |       |       |     1 |       ||     1
Armor: Robe              |    21 |   147 |   169 |   128 ||   465
Dodge: Dodged            |    31 |   185 |   240 |   244 ||   700
Block: Buckler           |       |       |    30 |    73 ||   103
